 Dungeon Crawl Stone Soup version 0.32-a0-350-g4f4d228785 (webtiles) character file.

Game seed: 11965440337468085828

3874 ragingrage the Basher (level 10, 0/78 HPs)
             Began as a Mountain Dwarf Reaver on Feb 18, 2024.
             Was a Priest of Beogh.
             Killed from afar by Arbolt the orc apostle (4 damage)
             ... with a foxfire
             ... on level 9 of the Dungeon.
             The game lasted 00:14:16 (9131 turns).

ragingrage the Basher (Mountain Dwarf Reaver)       Turns: 9131, Time: 00:14:17

Health: 0/78       AC: 10    Str: 16    XL:     10   Next: 0%
Magic:  22/22      EV: 16    Int: 17    God:    Beogh [***...]
Gold:   492        SH:  0    Dex:  8    Spells: 5/13 levels left

rFire   . . .        a - +2 whip (elec)
rCold   . . .        (no shield)
rNeg    . . .        L - +0 acid dragon scales
rPois   .            (no helmet)
rElec   .            m - +1 cloak
rCorr   +            j - +0 pair of gloves
SInv    .            g - +0 pair of boots
Will    +....        (no amulet)
Stlth   +            D - ring of magical power
HPRegen 0.33/turn    B - +5 ring of evasion
MPRegen 0.18/turn

%: no passive effects
@: no status effects
A: runic magic, artefact enchanting
a: Renounce Religion, Smiting


You were on level 9 of the Dungeon.
You worshipped Beogh.
Beogh was most pleased with you.
You visited 1 branch of the dungeon, and saw 9 of its levels.

You collected 492 gold pieces.

Inventory:

Hand Weapons
 a - a +2 whip of electrocution (weapon)
 b - a +0 sling
 v - a +1 war axe
 K - the +1 whip of Income {flame, rElec rC+ Will+ Dex-2}
   (You found it on level 7 of the Dungeon)

   Dex-2:     It affects your dexterity (-2).
   rC+:       It protects you from cold.
   rElec:     It insulates you from electricity.
   Will+:     It increases your willpower.
Missiles
 q - 8 boomerangs
 E - 33 poisoned darts
Armour
 g - a +0 pair of boots (worn)
 j - a +0 pair of gloves (worn)
 m - a +1 cloak (worn)
 r - a +1 scale mail of cold resistance
 L - +0 acid dragon scales (worn)
Jewellery
 u - a +6 ring of dexterity
 B - a +5 ring of evasion (right hand)
 C - a ring of ice
 D - a ring of magical power (left hand)
Wands
 J - a wand of quicksilver (2)
Scrolls
 c - 5 scrolls of teleportation
 f - a scroll of fog
 k - a scroll of brand weapon {unknown}
 l - 2 scrolls of enchant weapon
 n - a scroll of vulnerability
 o - a scroll of enchant armour {unknown}
 t - 3 scrolls of noise
 w - a scroll of torment
 x - a scroll of amnesia {unknown}
 y - a scroll of silence {unknown}
 G - a scroll of fear {unknown}
 H - a scroll of blinking
Potions
 d - a potion of degeneration {unknown}
 e - a potion of berserk rage {unknown}
 h - 3 potions of curing
 i - 3 potions of heal wounds
 p - 2 potions of magic {unknown}
 s - 4 potions of brilliance
 z - a potion of resistance {unknown}
 A - 2 potions of enlightenment
 I - a potion of mutation {unknown}


   Skills:
 + Level 3.9 Fighting
 - Level 7.0(10.0) Axes
 - Level 11.1(12.0) Maces & Flails
 - Level 1.3 Dodging
 + Level 1.6 Stealth
 - Level 2.0 Spellcasting
 - Level 4.0 Conjurations
 - Level 2.0 Necromancy
 + Level 7.6 Earth Magic
 + Level 4.4 Invocations


You had 5 spell levels left.
You knew the following spells:

 Your Spells              Type           Power      Damage    Failure   Level
a - Kiss of Death         Conj/Necr      44%        2d8       6%          1
b - Stone Arrow           Conj/Erth      42%        3d9       6%          3
c - Animate Armour        Summ/Erth      28%        N/A       41%         4

Your spell library contained the following spells:

 Spells                   Type           Power      Damage    Failure   Level
 Magic Dart               Conj           60%        1d6       4%          1
 Searing Ray              Conj           30%        2d5       6%          2
 Momentum Strike          Conj/Tloc      16%        3d8       14%         2
 Hailstorm                Conj/Ice       8%         3d5       26%         3
 Jinxbite                 Hex            2%         N/A       30%         2
 Fulminant Prism          Conj/Alch      4%         3d5       65%         4
 Yara's Violent Unravell  Hex/Alch       0%         3d3       99%         5
 Enfeeble                 Hex            0%         N/A       100%        7
 Lehudib's Crystal Spear  Conj/Erth      10%        10d4      100%        8


Dungeon Overview and Level Annotations

Branches:
Dungeon (9/15)             Temple (0/1) D:4             Orc (0/2) D:9
   Lair: D:8-11

Altars:
Cheibriados
Gozag
Qazlal
Uskayaw
Vehumet
Yredelemnul

Shops:
D:5 =   D:7 *

Annotations:
D:3 exclusion: downstairs
D:5 exclusion: downstairs
D:6 2 transporters, Edmund
D:7 exclusion: downstairs
D:8 Jeremiah, Maggie, Psyche


Innate Abilities, Weirdness & Mutations

Your facial features look somewhat orcish.
Your spellcasting is much less encumbered by armour.
You can use scrolls of enchantment on lesser artefacts.


Message History

Aim: Arbolt the orc apostle, wielding the +12 dagger "Feheluiga" {pain, SInv} and wearing a +0 robe (moderately wounded, very poisoned, slow, empowered by the touch of Beogh, 35% to hit)
You throw a poisoned dart. The poisoned dart hits Arbolt.
Arbolt mumbles some strange words.
Arbolt conjures some foxfire! 2 foxfires come into view.
The foxfire hits you! x2
Arbolt casts a spell.
Arbolt conjures some foxfire! 2 foxfires come into view.
You hit Arbolt. The foxfire hits you. The foxfire hits you!
You hit Arbolt but do no damage. Lightning courses through Arbolt!
Arbolt casts a spell.
Arbolt conjures some foxfire! 2 foxfires come into view.
You hit Arbolt. The foxfire hits you! x2
Throw: 2 darts (curare)
Press: ? - help, Shift-Dir - straight line, f/p - Arbolt
Aim: Arbolt the orc apostle, wielding the +12 dagger "Feheluiga" {pain, SInv} and wearing a +0 robe (severely wounded, very poisoned, slow, empowered by the touch of Beogh, 35% to hit)
You throw a curare-tipped dart.
The curare-tipped dart closely misses Arbolt.
Throw: dart (curare)
Press: ? - help, Shift-Dir - straight line, f/p - Arbolt
Aim: Arbolt the orc apostle, wielding the +12 dagger "Feheluiga" {pain, SInv} and wearing a +0 robe (severely wounded, very poisoned, slow, empowered by the touch of Beogh, 35% to hit)
You throw a curare-tipped dart. The curare-tipped dart hits Arbolt.
Arbolt looks as sick as possible!
Arbolt struggles to breathe.
Arbolt seems to be slow for longer.
Arbolt mumbles some strange words.
Arbolt conjures some foxfire! 2 foxfires come into view.
You hit Arbolt. The foxfire hits you!
* * * LOW HITPOINT WARNING * * *
The foxfire hits you!
* * * LOW HITPOINT WARNING * * *
You closely miss Arbolt.
Arbolt gestures wildly while chanting.
Arbolt conjures some foxfire! 2 foxfires come into view.
You barely miss Arbolt. The foxfire hits you.
You die...
Beogh appreciates Arbolt's killing of a heretic priest.

..........................##
...........................#
....###....................###
...#...........##.............
...#...##.##...#..............
#..#...##.##..#...............
#......##............)........
#......#......................
#...............@v.##†..#.....
###.......[##.##ov..†#### #...
##.......#...#§§.†.# #.
####.............#....#
...#............(#...##
...##....##.#.(#####.#
#..###...#####.# ###
#.###.....# ### ### ##...##


You could see Arbolt the orc apostle (extremely poisoned, slow, divinely
empowered).

Vanquished Creatures
  Grinder (D:4)
  A steam dragon (D:8)
  Menkaure (D:4)
  An acid dragon (D:9)
  2 water moccasins
  Duvessa (D:4)
  An ogre (D:5)
  2 orc warriors (D:7)
  2 centaurs
  2 kobold brigands
  4 scorpions
  2 bullfrogs
  A gnoll sergeant (D:9)
  3 wights (D:9)
  Dowan (D:4)
  9 killer bees
  5 howler monkeys
  A hound (D:5)
  A jelly (D:6)
  4 bombardier beetles
  6 orc priests
  Crazy Yiuf (D:7)
  A sleepcap (D:5)
  10 orc wizards
  Natasha (thrice) (D:4)
  4 iguanas
  4 gnolls
  8 adders
  A shadow imp (D:6)
  3 white imps
  A dart slug (D:4)
  3 ribbon worms (D:3)
  29 orcs
  12 endoplasms
  5 giant cockroaches
  5 goblins
  10 hobgoblins
  3 jackals (D:5)
  28 kobolds
  6 quokkas
  9 ball pythons
  5 bats
  5 frilled lizards
  10 rats
217 creatures vanquished.

Vanquished Creatures (others)
  An orc priest (D:8)
  3 orcs
  8 foxfires (D:9)
12 creatures vanquished.

Grand Total: 229 creatures vanquished

Notes
Turn   | Place    | Note
-------+----------+-------------------------------------------
     0 | D:1      | ragingrage the Mountain Dwarf Reaver began the quest for
                  | the Orb.
     0 | D:1      | Reached XP level 1. HP: 17/17 MP: 3/3
    33 | D:1      | Reached skill level 1 in Necromancy
    60 | D:1      | Reached XP level 2. HP: 23/24 MP: 4/4
   250 | D:1      | Reached XP level 3. HP: 27/29 MP: 5/5
   559 | D:1      | Reached skill level 5 in Axes
   932 | D:2      | Found a faded altar of an unknown god.
   947 | D:2      | Reached XP level 4. HP: 36/36 MP: 6/6
  1768 | D:3      | Found a stormy altar of Qazlal.
  1791 | D:3      | Reached XP level 5. HP: 41/42 MP: 7/7
  1881 | D:3      | Learned a level 3 spell: Stone Arrow
  1969 | D:3      | Reached skill level 1 in Earth Magic
  2677 | D:4      | Reached skill level 1 in Maces & Flails
  2677 | D:4      | Reached XP level 6. HP: 45/51 MP: 8/8
  2745 | D:4      | Found a hide-covered altar of Uskayaw.
  2749 | D:4      | Noticed Duvessa
  2779 | D:4      | Killed Duvessa
  2780 | D:4      | Reached skill level 2 in Maces & Flails
  2798 | D:4      | Noticed Dowan
  2854 | D:4      | Noticed Natasha
  2865 | D:4      | Killed Natasha
  2921 | D:5      | Entered Level 5 of the Dungeon
  2941 | D:4      | Noticed Natasha
  2953 | D:5      | Reached skill level 3 in Maces & Flails
  3000 | D:4      | Killed Natasha
  3032 | D:4      | Noticed Grinder
  3086 | D:5      | Reached XP level 7. HP: 53/57 MP: 9/9
  3191 | D:5      | Learned a level 4 spell: Animate Armour
  3268 | D:5      | Became a worshipper of Beogh the Shepherd
  3603 | D:4      | Noticed Menkaure
  3621 | D:5      | Reached skill level 4 in Maces & Flails
  3791 | D:4      | Killed Menkaure
  3808 | D:4      | Noticed Natasha
  3816 | D:4      | Killed Natasha
  3964 | D:5      | Reached skill level 5 in Maces & Flails
  3999 | D:5      | Reached skill level 5 in Earth Magic
  4132 | D:5      | Reached skill level 6 in Maces & Flails
  4132 | D:5      | Reached XP level 8. HP: 62/63 MP: 10/10
  4142 | D:5      | Found Aqioscham's Jewellery Shoppe.
  4433 | D:5      | Found a snail-covered altar of Cheibriados.
  4446 | D:5      | Reached skill level 7 in Maces & Flails
  4601 | D:6      | Reached * piety under Beogh
  4727 | D:6      | Found an opulent altar of Gozag.
  4954 | D:6      | Found a transporter.
  4958 | D:6      | Noticed a kobold demonologist
  4974 | D:6      | Found a transporter.
  5157 | D:6      | Reached skill level 8 in Maces & Flails
  5185 | D:6      | Noticed Edmund
  5319 | D:4      | Paralysed by Grinder for 5 turns
  5344 | D:4      | Paralysed by Grinder for 5 turns
  5356 | D:4      | Killed Grinder
  5488 | D:4      | Killed Dowan
  5509 | D:4      | Found a basalt altar of Yredelemnul.
  5795 | D:4      | Found a staircase to the Ecumenical Temple.
  6033 | D:6      | Reached skill level 9 in Maces & Flails
  6233 | D:7      | Reached XP level 9. HP: 63/69 MP: 12/12
  6282 | D:7      | Identified the +1 whip of Income {flame, rElec rC+ Will+
                  | Dex-2}
  6490 | D:7      | Reached ** piety under Beogh
  6554 | D:7      | Found a runed translucent door.
  6555 | D:7      | Noticed Crazy Yiuf
  6576 | D:7      | Found Ilasuf's Elemental Accessories.
  6673 | D:7      | Reached skill level 10 in Maces & Flails
  7394 | D:7      | Killed Crazy Yiuf
  7546 | D:8      | Reached skill level 1 in Invocations
  7796 | D:8      | Noticed Maggie
  7798 | D:8      | Noticed a two-headed ogre
  7799 | D:8      | Noticed Psyche
  7997 | D:8      | Noticed Jeremiah
  8393 | D:9      | Found a staircase to the Orcish Mines.
  8473 | D:9      | Reached skill level 11 in Maces & Flails
  8855 | D:9      | Found a radiant altar of Vehumet.
  8902 | D:9      | Reached skill level 1 in Stealth
  9083 | D:9      | Reached *** piety under Beogh
  9113 | D:9      | Reached XP level 10. HP: 70/78 MP: 13/13
  9117 | D:9      | Identified the +12 dagger "Feheluiga" {pain, SInv}
  9117 | D:9      | Noticed Arbolt
  9129 | D:9      | HP: 3/78 [Arbolt the orc apostle/foxfire (15)]
  9131 | D:9      | Killed from afar by Arbolt the orc apostle

Illustrated notes

Levels and vault maps discovered:
D:1:      elethiomel_arrival_infinity_welcomes_careful_drivers, layout_basic,
          serial_bayou_pond_b
D:2:      layout_loops_cross, shapermc_ecumenical_altar_ellora,
          minmay_tromino_mix6
D:3:      layout_basic, nicolae_qazlal_scattered_showers
D:4:      layout_cave_pools, old_standard_altar, lemuel_doored_altar,
          minmay_temple_entry_nine_rooms, minmay_fractal_squares_5,
          uniq_grinder, uniq_natasha, uniq_menkaure, uniq_duvessa
D:5:      layout_basic, slow_altar_2, serial_shops, nicolae_shop_gaudy_bauble
D:6:      gammafunk_wand_slinger, layout_loops_ring,
          mainiacjoe_overflow_six_doors_small, uniq_edmund
D:7:      layout_loops_ring, nicolae_elemental_shop, uniq_crazy_yiuf_cottage
D:8:      layout_rooms, okawaru_altar_gauntlet_db, uniq_jeremiah, uniq_psyche,
          uniq_maggie
D:9:      layout_cave_pools, vehumet_crystals, serial_shops, shop,
          uniq_gastronok

Skill      XL: |  1  2  3  4  5  6  7  8  9 |
---------------+----------------------------+-----
Necromancy     | 1 2 |  2.0
Axes           | 4 5 6 7 |  7.0
Fighting       | 3 |  3.9
Earth Magic    | 2 3 5 6 7 |  7.6
Maces & Flails | 1 3 6 9 11 | 11.1
Conjurations   | 3 4 |  4.0
Spellcasting   | 2 |  2.0
Invocations    | 4 |  4.4
Stealth        | 1 |  1.6
Dodging        | |  1.3

Action                     |  1- 3 |  4- 6 |  7- 9 | 10-12 || total
---------------------------+-------+-------+-------+-------++-------
  Melee: Hand axe          |   143 |    67 |       |       ||   210
         War axe           |       |    76 |       |       ||    76
         Whip              |       |    60 |   610 |     6 ||   676
  Throw: Boomerang         |       |     9 |    15 |       ||    24
         Dart              |       |       |     7 |     6 ||    13
   Cast: Kiss of Death     |       |     1 |       |       ||     1
         Stone Arrow       |       |       |     3 |       ||     3
 Invoke: Convert to Beogh  |       |       |     1 |       ||     1
         Smiting           |       |       |     2 |       ||     2
  Evoke: Wand              |       |       |     1 |       ||     1
    Use: Scroll            |     2 |     5 |     6 |       ||    13
 Armour: Leather armour    |    93 |    11 |       |       ||   104
         Ring mail         |       |    32 |       |       ||    32
         Scale mail        |       |    80 |   221 |       ||   301
         Acid dragon scale |       |       |    39 |     9 ||    48
  Dodge: Dodged            |    98 |    78 |   312 |       ||   488

Table legend: (Time is in decaauts)
 A = Elapsed time spent in this place.
 B = Non-inter-level travel time spent in this place.
 C = Inter-level travel time spent in this place.
 D = Time resting spent in this place.
 E = Time spent auto-exploring this place.
 F = Levels seen in this place.
 G = Mean time per level.
                   A        B        C        D        E       F      G
               +--------+--------+--------+--------+--------+-----+--------+
         Total |   8921 |   8487 |    434 |   2425 |   4066 |   9 |  991.2 |
       Dungeon |   8921 |   8487 |    434 |   2425 |   4066 |   9 |  991.2 |
               +--------+--------+--------+--------+--------+-----+--------+

Top non-repeatable levels by time:
     D:7: 1503 daAuts
     D:5: 1467 daAuts
     D:4: 1112 daAuts
     D:3: 1090 daAuts
     D:9: 912 daAuts
     D:6: 886 daAuts
     D:1: 799 daAuts
     D:2: 769 daAuts
     D:8: 379 daAuts
